 Dungeon Crawl Stone Soup version 0.30-a0-297-g0ec75d9ef4 (webtiles) character file.

Game seed: 4261643177667843150

354 Harunobu the Stinger (level 6, 0/36 HPs)
             Began as an Octopode Venom Mage on Oct 17, 2022.
             Slain by Pikel
             ... wielding a +1 whip of freezing
              (1 damage)
             ... on level 4 of the Dungeon.
             The game lasted 00:11:33 (4779 turns).

Harunobu the Stinger (Octopode Venom Mage)          Turns: 4779, Time: 00:11:33

Health: 0/36       AC:  1    Str:  9    XL:     6   Next: 63%
Magic:  10/10      EV: 14    Int: 17    God:
Gold:   146        SH:  0    Dex: 13    Spells: 3/11 levels left

rFire   + . .      SeeInvis .    d - staff of death
rCold   x . .      Faith    .    (no shield)
rNeg    + . .      Spirit   .    (helmet restricted)
rPois   .          Reflect  .    l - amulet of regeneration
rElec   .          Harm     .    p - ring of fire
rCorr   .          Rampage  .    (no ring)
Will    .....                    (no ring)
Stlth   ++++......               (no ring)
HPRegen 1.06/turn                (no ring)
MPRegen 0.12/turn                (no ring)
                                 (no ring)
                                 (no ring)

@: no status effects
A: almost no armour, amphibious, 8 rings, camouflage 1, gelatinous body 1,
(nimble swimmer 1), tentacles
a: no special abilities


You were on level 4 of the Dungeon.
You visited 1 branch of the dungeon, and saw 5 of its levels.

You collected 146 gold pieces.

Inventory:

Magical Staves
 d - a staff of death (weapon)
Jewellery
 l - an amulet of regeneration (around mantle)
 o - an amulet of the acrobat
 p - a ring of fire (left tentacle)
Scrolls
 c - 3 scrolls of enchant weapon {unknown}
 e - 4 scrolls of poison {unknown}
 g - 2 scrolls of teleportation {unknown}
 h - 2 scrolls of fear {unknown}
 i - 2 scrolls of butterflies {unknown}
 j - 2 scrolls of identify {unknown}
 r - a scroll of noise {unknown}
 s - a scroll of amnesia {unknown}
 t - a scroll of blinking {unknown}
Potions
 a - a potion of magic
 b - 4 potions of curing {unknown}
 f - 3 potions of attraction {unknown}
 k - a potion of ambrosia {unknown}
 m - a potion of brilliance {unknown}
 n - a potion of lignification {unknown}
 q - a potion of might {unknown}


   Skills:
 + Level 3.4 Dodging
 + Level 4.9 Stealth
 + Level 3.3 Spellcasting
 + Level 3.0 Transmutations
 + Level 5.0 Poison Magic


You had 3 spell levels left.
You knew the following spells:

 Your Spells              Type           Power      Damage    Failure   Level
a - Sting                 Tmut/Pois      64%        1d6       3%          1
b - Olgreb's Toxic Radia  Pois           19%        N/A       22%         4
c - Mephitic Cloud        Conj/Pois/Air  8%         N/A       26%         3

Your spell library contained the following spells:

 Spells                   Type           Power      Damage    Failure   Level
 Poisonous Vapours        Pois/Air       22%        N/A       9%          2
 Slow                     Hex            8%         N/A       17%         1
 Confusing Touch          Hex            2%         N/A       45%         3
 Stone Arrow              Conj/Erth      4%         3d7       45%         3
 Vampiric Draining        Necr           4%         2d6       45%         3
 Alistair's Intoxication  Tmut/Pois      10%        N/A       65%         5
 Borgnjor's Vile Clutch   Necr/Erth      2%         N/A       99%         5
 Eringya's Noxious Bog    Tmut/Pois      8%         N/A       99%         6
 Lehudib's Crystal Spear  Conj/Erth      1%         10d2      100%        8
 Animate Armour           Summ/Erth      Unusable   N/A       N/A         4

Dungeon Overview and Level Annotations

Branches:
Dungeon (5/15)
 Temple: D:4-7

Altars:
Dithmenos
Okawaru

Shops:
D:1 [   D:3 (

Annotations:
D:3 2 transporters, caelrath's ghost, amateur OpFi
D:4 3 runed translucent doors, Pikel; Smoky173's ghost, amateur DsGl


Innate Abilities, Weirdness & Mutations

You cannot wear most types of armour.
You are amphibious.
You can wear up to eight rings at the same time.
Your skin changes colour to match your surroundings (Stealth+).
Your rubbery body absorbs attacks. (AC +1, EV +1)
((You are camouflaged when in or above water. (Stealth+)))
You have tentacles for arms and can constrict up to eight enemies at once.


Message History

Aim: a lemure (lightly wounded, poisoned, 67% to hit)
The sting misses the lemure.
The sting hits the lemure.
The lemure is poisoned.
The lemure is lightly wounded.
The lemure hits you!
Pikel says, "You'll make a fine lemure."
The lemure hits you! The lemure attacks as you move away! The lemure hits you!
* * * LOW HITPOINT WARNING * * *
The lemure looks more healthy.
There is a stone staircase leading up here.
You climb upwards.
Level annotation: 3 runed translucent doors, Smoky173's ghost, amateur DsGl
There is a stone staircase leading down here.
You start resting.
Magic restored.
You start resting.
HP restored.
You climb downwards.
Level annotation: Pikel The lemure hits you!
The lemure misses you. The lemure closely misses you.
The lemure barely misses you.
There is a stone staircase leading up, spattered with blood here.
The lemure closely misses you. The lemure misses you.
Pikel hits you with a +1 whip of freezing!
Pikel freezes you.
You climb upwards.
Level annotation: 3 runed translucent doors, Smoky173's ghost, amateur DsGl
There is a stone staircase leading down here.
The lemure attacks as you move away! The lemure hits you.
The lemure misses you. The lemure hits you.
* * * LOW HITPOINT WARNING * * *
There is an escape hatch in the ceiling here.
The lemure hits you.
* * * LOW HITPOINT WARNING * * *
The lemure misses you.
Pikel hits you with a +1 whip of freezing!
* * * LOW HITPOINT WARNING * * *
Pikel freezes you.
You die...

#....#...............###......
#...................###.......
##.##.#.####...####..#.#...####
##...##..#≈≈≈~~~≈≈##...........#
##..~..#..####...####............
...~~~.......##..................
.#..~..#..#####..................
.##...##..####..............<....
..##.##.....#...@................
#.......##.....5K5..........#....
###########....>.........#..#....
#...............#......
#....###.......##...##.
#....###.......#....###
##....#..........)....##
#........###......##..)#
###......#.....####....~


You could see Pikel and 2 lemures.

Vanquished Creatures
  An ogre (D:3)
  A lemure (D:4)
  A gnoll bouda (D:4)
  An iguana (D:4)
  8 gnolls
  6 adders
  2 worms
  3 dart slugs
  3 orcs
  4 bats
  12 endoplasms
  2 giant cockroaches
  8 hobgoblins
  5 ball pythons
  5 frilled lizards
  8 goblins
  10 kobolds
  4 rats
84 creatures vanquished.

Notes
Turn   | Place    | Note
-------+----------+-------------------------------------------
     0 | D:1      | Harunobu the Octopode Venom Mage began the quest for the
                  | Orb.
     0 | D:1      | Reached XP level 1. HP: 11/11 MP: 3/3
   158 | D:1      | Reached XP level 2. HP: 17/17 MP: 1/5
   579 | D:1      | Reached XP level 3. HP: 21/21 MP: 6/6
   733 | D:1      | Reached skill level 4 in Poison Magic
  1081 | D:1      | Found Mairrupa's Antique Armour Shoppe.
  1390 | D:2      | Reached XP level 4. HP: 27/27 MP: 4/7
  2537 | D:3      | Reached XP level 5. HP: 17/31 MP: 5/9
  2623 | D:3      | Found Ciapn's Weapon Shop.
  2626 | D:3      | Noticed an ogre
  2657 | D:3      | Killed an ogre
  2794 | D:2      | Learned a level 4 spell: Olgreb's Toxic Radiance
  2798 | D:2      | Learned a level 3 spell: Mephitic Cloud
  2915 | D:3      | Noticed a phantom
  2990 | D:3      | Found a transporter.
  2994 | D:3      | Found a transporter.
  2994 | D:3      | Noticed caelrath's ghost (amateur OpFi)
  3120 | D:3      | Found an iron altar of Okawaru.
  3250 | D:3      | Found a shadowy altar of Dithmenos.
  3323 | D:3      | Reached XP level 6. HP: 35/36 MP: 6/10
  3696 | D:4      | Found a runed translucent gate.
  3697 | D:4      | Found a runed translucent gate.
  3717 | D:4      | Found a runed translucent gate.
  4138 | D:4      | Noticed Smoky173's ghost (amateur DsGl)
  4400 | D:4      | Reached skill level 5 in Poison Magic
  4608 | D:5      | Entered Level 5 of the Dungeon
  4650 | D:5      | Noticed Pikel
  4779 | D:4      | HP: 1/36 [Pikel/+1 whip of freezing (7)]
  4779 | D:4      | Slain by Pikel

Illustrated notes

Levels and vault maps discovered:
D:1:      grunt_arrival_lava_bath, layout_loops_cross, serial_shops,
          nicolae_lakefront_shop, roderic_roman_lattice
D:2:      layout_loops_corners, minivault_24
D:3:      layout_loops_ring, general_overflow_altar,
          mainiacjoe_overflow_catwalk, serial_shops, nicolae_square_shop,
          gammafunk_ghost_arena
D:4:      layout_cave_pools, gammafunk_ghost_icy, serial_rivers,
          chequers_serial_rivers_micro_c, chequers_serial_rivers_micro_c,
          chequers_serial_rivers_micro_c, chequers_serial_rivers_micro_b,
          chequers_serial_rivers_small_3, chequers_serial_rivers_micro_a,
          amcnicky_mini_pool_small, minmay_misc_feat_nine_boxes
D:5:      layout_layer_cave, nicolae_tso_swordbearing_angel, tgw_xom,
          nicolae_overflow_crystal_walls, lightli_minifort, uniq_pikel,
          uniq_duvessa

Skill      XL: |  1  2  3  4  5  6 |
---------------+-------------------+-----
Stealth        | 3 4 |  4.9
Poison Magic   | 4 5 |  5.0
Transmutations | 2 3 |  3.0
Dodging        | 3 |  3.4
Spellcasting   | 3 |  3.3

Action                   |  1- 3 |  4- 6 || total
-------------------------+-------+-------++-------
Melee: Staff             |    13 |     5 ||    18
       Constrict         |     6 |     2 ||     8
       Tentacles         |     2 |     1 ||     3
 Cast: Sting             |    46 |   126 ||   172
 Stab: Sleeping          |     1 |       ||     1
Armor: Skin              |     7 |     4 ||    11
Dodge: Dodged            |    55 |    98 ||   153

Table legend: (Time is in decaauts)
 A = Elapsed time spent in this place.
 B = Non-inter-level travel time spent in this place.
 C = Inter-level travel time spent in this place.
 D = Time resting spent in this place.
 E = Time spent auto-exploring this place.
 F = Levels seen in this place.
 G = Mean time per level.
                   A        B        C        D        E       F      G
               +--------+--------+--------+--------+--------+-----+--------+
         Total |   4785 |   4692 |     93 |   1364 |   2204 |   5 |  957.0 |
       Dungeon |   4785 |   4692 |     93 |   1364 |   2204 |   5 |  957.0 |
               +--------+--------+--------+--------+--------+-----+--------+

Top non-repeatable levels by time:
     D:2: 1335 daAuts
     D:1: 1242 daAuts
     D:3: 1083 daAuts
     D:4: 1046 daAuts
     D:5: 78 daAuts
